 Dungeon Crawl Stone Soup version 0.22-a0-32-ga749362 (webtiles) character file.

2138 Gorglomux the Shield-Bearer (level 9, 0/81 HPs)
             Began as a Deep Dwarf Fighter on Jan 3, 2018.
             Was an Initiate of Makhleb.
             Succumbed to a hornet's poison
             ... on level 7 of the Dungeon.
             The game lasted 00:04:39 (3879 turns).

Gorglomux the Shield-Bearer (Deep Dwarf Fighter)    Turns: 3879, Time: 00:04:40

Health: 0/81       AC:  7    Str: 24    XL:     9   Next: 9%
Magic:  2/2        EV: 11    Int:  8    God:    Makhleb [......]
Gold:   211        SH: 11    Dex: 12    Spells: 8/8 levels left

rFire    + . .     SeeInvis .   a - +1 war axe
rCold    + + .     Gourm    .   p - +0 shield
rNeg     . . .     Faith    .   b - +0 scale mail
rPois    .         Spirit   .   (no helmet)
rElec    .         Reflect  .   V - scarf {rC+ rF+}
rCorr    .         Harm     .   (no gloves)
MR       +....                  (no boots)
Stlth    ..........             (no amulet)
HPRegen  0.00/turn              c - ring of protection from cold
MPRegen  0.08/turn              s - ring of loudness

@: lethally poisoned (0 -> -3), non-regenerating, slowed, very slow
A: damage resistance, heal wounds, sense surroundings 2, no regeneration
a: Heal Wounds, Renounce Religion


You were on level 7 of the Dungeon.
You worshipped Makhleb.
Makhleb was noncommittal.
You were not hungry.

You visited 1 branch of the dungeon, and saw 7 of its levels.

You collected 277 gold pieces.
You spent 66 gold pieces at shops.

Inventory:

Hand Weapons
 a - a +1 war axe (weapon)
 W - the +7 falchion of Kilesili {protect, Int+3}
   (You found it on level 5 of the Dungeon)

   It protects the one who uses it against injury (+AC on strike).
   It affects your intelligence (+3).
Armour
 b - a +0 scale mail (worn)
 p - a +0 shield (worn)
 V - a scarf of resistance (worn)
Jewellery
 c - a ring of protection from cold (left hand)
 l - an uncursed ring of positive energy
 s - a ring of loudness (right hand)
 P - a +4 ring of strength {unknown}
Scrolls
 h - 3 scrolls of magic mapping {unknown}
 j - 2 scrolls of enchant weapon
 m - 2 scrolls of amnesia
 o - 2 scrolls of fear {unknown}
 q - 4 scrolls of remove curse
 t - a scroll of fog
 R - 7 scrolls of identify
 S - a scroll of blinking {unknown}
 T - 3 scrolls of teleportation
 X - a scroll of immolation {unknown}
Potions
 d - a potion of might
 k - 3 potions of berserk rage
 n - a potion of magic
 O - a potion of haste {unknown}
 Q - 2 potions of cancellation {unknown}
 Y - a potion of flight {unknown}
Books
 Z - a book of Air

   Spells                             Type                      Level
   a - Shock                          Conjuration/Air              1
   b - Swiftness                      Charms/Air                   2
   c - Static Discharge               Conjuration/Air              3
   d - Airstrike                      Air                          4
   e - Lightning Bolt                 Conjuration/Air              5
Comestibles
 f - 10 rations
 U - 3 chunks of flesh


   Skills:
 + Level 5.5 Fighting
 + Level 6.2 Axes
 + Level 6.7 Armour
 + Level 5.6 Dodging
 + Level 6.7 Shields
 + Level 1.1 Invocations


You had 8 spell levels left.
You didn't know any spells.

Dungeon Overview and Level Annotations

Branches:
Dungeon (7/15)             Temple (0/1) D:7

Altars:
Ashenzari
Cheibriados
Makhleb
Qazlal
Ru
Sif Muna
Wu Jian

Shops:
D:4 *


Innate Abilities, Weirdness & Mutations

You are resistant to damage.
You can heal yourself by infusing magical energy.
You passively map the area around you.
You do not regenerate.


Message History

You feel as though you will be slow longer!
You can move again!
Unknown command!
You feel much better!
You butt very sick!
The hornet misses butt!
The iguana bites you but does no damage!
You block the hornet'butts attack! You block the iguana's attack!
The hornet stings you but does no damage!
You fail to use your ability!
You feel very sick! You block the hornet's attack!
You block the iguana's attack!
The hornet stings you!!! * * * don't die
* * * You feel as though you will be slow butt!
Unknown command!
You barely miss the hornet!
The hornet is severely wounded!
Butt closely miss the iguana! rip

*** * * ** , *,, .# , ,,
* , , .# * #.# * , *.#
*, * #.# , #, (# , #.#
#. .# * , #.#
,,#.######.# * , #.#
.#......#.# , * #.#
*.........@.# * *
#.#####.##.....l#y# *, ,
................#.# * *
#.......######..########
*
.....#..................
*
.###.#,########.###.....
* _ * .# #.#,
................ , * .#
#.#* #######.###.....**
,
.###.##########.........
, ,


You could see a hornet and an iguana.

Vanquished Creatures
  The ghost of bworf the Changer, a novice MfTm (D:5)
  Prince Ribbit (D:5)
  Sigmund (D:4)
  An orc warrior (D:6)
  A sky beast (D:7)
  An ice beast (D:6)
  A necrophage (D:6)
  An ogre (D:5)
  2 centaurs
  A bullfrog (D:7)
  A howler monkey (D:4)
  3 crimson imps
  A jelly (D:7)
  6 orc wizards
  Jessica (D:3)
  Terence (D:3)
  Natasha (D:4)
  3 worker ants
  4 gnolls (D:3)
  9 adders
  2 shadow imps (D:7)
  An ooze (D:2)
  A worm (D:3)
  3 dart slugs
  7 leopard geckos
  11 orcs
  A ball python (D:4)
  7 bats
  8 giant cockroaches
  3 hobgoblins (D:2)
  2 jackals (D:7)
  3 quokkas
  7 frilled lizards
  10 goblins
  6 kobolds
  A leopard gecko skeleton (D:6)
  9 rats
123 creatures vanquished.

Notes
Turn   | Place    | Note
-------+----------+-------------------------------------------
     0 | D:1      | Gorglomux the Deep Dwarf Fighter began the quest for the Orb.
     0 | D:1      | Reached XP level 1. HP: 20/20 MP: 1/1
   113 | D:1      | Reached XP level 2. HP: 27/27 MP: 2/2
   278 | D:1      | Reached skill level 1 in Dodging
   328 | D:1      | Reached XP level 3. HP: 22/33 MP: 3/3
   614 | D:2      | Reached skill level 3 in Fighting
   945 | D:2      | Reached XP level 4. HP: 25/42 MP: 4/4
  1014 | D:2      | Reached skill level 3 in Axes
  1103 | D:2      | Found an ornate altar of the Wu Jian Council.
  1368 | D:3      | Noticed Terence
  1370 | D:3      | Noticed Jessica
  1379 | D:3      | Killed Terence
  1379 | D:3      | Reached XP level 5. HP: 41/49 MP: 5/5
  1382 | D:3      | Killed Jessica
  1557 | D:3      | Reached XP level 6. HP: 46/56 MP: 5/5
  1790 | D:4      | Noticed Natasha
  1803 | D:4      | Killed Natasha
  1804 | D:4      | Found Naunwof's General Store.
  1810 | D:4      | Bought a scroll of fog for 22 gold pieces
  1810 | D:4      | Bought a scroll of identify for 22 gold pieces
  1810 | D:4      | Bought a scroll of identify for 22 gold pieces
  1902 | D:4      | Reached skill level 3 in Dodging
  1984 | D:4      | Noticed Sigmund
  2009 | D:4      | Killed Sigmund
  2009 | D:4      | Reached XP level 7. HP: 46/64 MP: 6/6
  2095 | D:4      | Found a sacrificial altar of Ru.
  2360 | D:5      | Entered Level 5 of the Dungeon
  2395 | D:5      | Noticed Prince Ribbit
  2460 | D:5      | Found a snail-covered altar of Cheibriados.
  2536 | D:5      | Found a deep blue altar of Sif Muna.
  2573 | D:5      | Found a stormy altar of Qazlal.
  2757 | D:5      | Noticed bworf's ghost (novice MfTm)
  2806 | D:5      | Killed bworf's ghost
  2806 | D:5      | Reached XP level 8. HP: 25/73 MP: 3/3
  3004 | D:5      | Killed Prince Ribbit
  3004 | D:5      | Reached skill level 6 in Armour
  3004 | D:5      | Reached skill level 6 in Shields
  3027 | D:5      | Got an ancient falchion
  3028 | D:5      | Identified the +7 falchion of Kilesili {protect, Int+3} (You found it on level 5 of the Dungeon)
  3129 | D:6      | Found a shattered altar of Ashenzari.
  3350 | D:6      | Found a burning altar of Makhleb.
  3359 | D:6      | Became a worshipper of Makhleb the Destroyer
  3370 | D:6      | Reached skill level 6 in Axes
  3790 | D:7      | Gained mutation: You passively map the area around you. [Deep Dwarf growth]
  3790 | D:7      | Reached XP level 9. HP: 64/81 MP: 2/2
  3815 | D:7      | Reached skill level 1 in Invocations
  3865 | D:7      | Paralysed by a hornet for 2 turns
  3868 | D:7      | Paralysed by a hornet for 1 turns
  3874 | D:7      | Paralysed by a hornet for 3 turns
  3878 | D:7      | HP: 3/81 [hornet (13)]
  3879 | D:7      | Succumbed to a hornet's poison

Vault maps used:
D:1:      noname_arrival_rooms_in_the_neighbourhood
D:2:      lemuel_upstairs_altar, lemuel_doored_altar
D:3:      lemuel_crystal_altar, minmay_misc_feat_ornament, uniq_terence,
          uniq_grinder, uniq_jessica
D:4:      nicolae_ru_great_annihilating_truth, serial_shops, shop, first_ration,
          minmay_misc_feat_iff, uniq_natasha, uniq_sigmund
D:5:      nicolae_overflow_crystal_walls, nicolae_qazlal_eye_of_the_storm,
          kennysheep_mini, uniq_prince_ribbit1
D:6:      basic_altar, cheibrodos_ashenzari_chains
D:7:      tso_oasis_becter, marbit_many_paths, temple_doors_e, serial_shops,
          kennysheep_mini_moat, minmay_misc_feat_four_crosses

Skill      XL: |  1  2  3  4  5  6  7  8  9 |
---------------+----------------------------+-----
Dodging        | 1 2 3 4 5 |  5.6
Fighting       | 3 4 5 |  5.5
Axes           | 3 4 5 6 |  6.2
Armour         | 4 5 6 |  6.7
Shields        | 4 5 6 |  6.7
Invocations    | 1 |  1.1

Action                   |  1- 3 |  4- 6 |  7- 9 || total
-------------------------+-------+-------+-------++-------
Melee: War axe           |   133 |   156 |   205 ||   494
       Falchion          |       |       |    16 ||    16
 Abil: Heal Wounds       |       |     4 |    15 ||    19
  Use: Scroll            |       |     6 |       ||     6
 Stab: Invisible         |       |       |     1 ||     1
       Paralysed         |       |       |     1 ||     1
  Eat: Chunk             |       |     4 |     7 ||    11
Armor: Scale mail        |    55 |    55 |    68 ||   178
Dodge: Dodged            |    40 |    58 |    95 ||   193
Block: Shield            |    71 |    73 |   140 ||   284
       Rpst.: Falchion   |       |       |     1 ||     1

Table legend:
 A = Spawn XP
 B = Non-spawn XP
 C = Spawn XP percentage of total XP
 D = Spawn monster count
 E = Non-spawn monster count
 F = Spawn count percentage of total count
 G = Total turns spent on level
                    A         B        C        D         E        F      G
               +---------+---------+-------+---------+---------+-------+---------
         Total |       0 |    3055 |   0.0 |       0 |     123 |   0.0 |  3879
               +---------+---------+-------+---------+---------+-------+---------
           D:1 |       0 |      48 |   0.0 |       0 |      27 |   0.0 |   610
           D:2 |       0 |      75 |   0.0 |       0 |      20 |   0.0 |   580
           D:3 |       0 |     265 |   0.0 |       0 |      25 |   0.0 |   393
           D:4 |       0 |     472 |   0.0 |       0 |      17 |   0.0 |   777
           D:5 |       0 |    1248 |   0.0 |       0 |      10 |   0.0 |   684
           D:6 |       0 |     612 |   0.0 |       0 |      14 |   0.0 |   571
           D:7 |       0 |     335 |   0.0 |       0 |      10 |   0.0 |   264
               +---------+---------+-------+---------+---------+-------+---------
